[Event "ICC tourney 2552 (3 2)"]
[Site "Internet Chess Club"]
[Date "2021.05.07"]
[Round "5"]
[White "SWAIN, HRIDARSH:K03-30023727"]
[Black "JANI, AAKASH:K01-17179264"]
[Result "1-0"]
[ICCResult "Black checkmated"]
[WhiteElo "1400"]
[BlackElo "1400"]
[Opening "Two knights defense"]
[ECO "C58"]
[NIC "KP.01"]
[Time "19:46:08"]
[PlyCount "165"]
[TimeControl "180+2"]

1. e4 e5 2. Nf3 Nc6 3. Bc4 Nf6 4. Ng5 d5 5. exd5 Na5 6. Bb5+ Bd7 7. Bxd7+
Qxd7 8. Nc3 Nxd5 9. Qf3 Nxc3 10. bxc3 Nc6 11. O-O Bd6 12. Re1 O-O 13. Qh5
h6 14. Nf3 f6 15. d3 Rfe8 16. Qg6 Ne7 17. Qh5 Kh7 18. g4 Rf8 19. g5 fxg5
20. Nxg5+ Kg8 21. Ne4 Nf5 22. Qg4 Qf7 23. Nxd6 Nxd6 24. Qe2 Kh7 25. Be3
Rae8 26. Qd2 e4 27. Re2 exd3 28. cxd3 Nf5 29. Rae1 Nxe3 30. Rxe3 Rxe3 31.
Rxe3 Qf4 32. Kf1 Qxh2 33. d4 Qh1+ 34. Ke2 Qg2 35. Qd3+ Kh8 36. Rf3 Qxf3+
37. Qxf3 Rxf3 38. Kxf3 Kg8 39. Ke4 Kf7 40. f4 Ke6 41. a3 Kd6 42. c4 h5 43.
Kf3 g6 44. a4 c5 45. d5 b6 46. Kg3 a6 47. Kh4 Ke7 48. Kg5 Kf7 49. f5 gxf5
50. Kxf5 Kg7 51. Kg5 Kf7 52. Kxh5 Ke7 53. Kg5 Kd6 54. Kf6 a5 55. Kf7 Ke5
56. Ke7 Kd4 57. Kd6 Kxc4 58. Kc6 Kd4 59. d6 c4 60. d7 c3 61. d8=Q+ Ke3 62.
Qxb6+ Kd2 63. Qd4+ Kc2 64. Qf2+ Kb3 65. Qd4 c2 66. Qd5+ Kb2 67. Qd4+ Kb1
68. Qc3 c1=Q 69. Qxc1+ Kxc1 70. Kb5 Kb2 71. Kxa5 Kb3 72. Kb5 Ka3 73. a5 Kb3
74. a6 Kc3 75. a7 Kd4 76. a8=Q Kc3 77. Qc8+ Kd3 78. Qg4 Ke3 79. Kc4 Kd2 80.
Qf3 Ke1 81. Qg2 Kd1 82. Kc3 Kc1 83. Qg1# { Black checkmated } 1-0

[Event "ICC tourney 2552 (3 2)"]
[Site "Internet Chess Club"]
[Date "2021.05.07"]
[Round "5"]
[White "SCOLLON, OWEN:K05-17108421"]
[Black "SZEPOK CHUNG, RONNIE:K03-17296250"]
[Result "1/2-1/2"]
[ICCResult "Game drawn because neither player has mating material"]
[WhiteElo "1400"]
[BlackElo "1400"]
[Opening "Giuoco Piano"]
[ECO "C50"]
[NIC "IG.02"]
[Time "19:45:35"]
[PlyCount "161"]
[TimeControl "180+2"]

1. e4 e5 2. Nf3 Nc6 3. Bc4 Bc5 4. O-O Nf6 5. d3 h6 6. Nc3 O-O 7. h3 d6 8.
Be3 Bb6 9. Qd2 Be6 10. Bb3 Kh7 11. Kh2 d5 12. exd5 Nxd5 13. Nxd5 Bxd5 14.
Bxd5 Qxd5 15. c4 Bxe3 16. fxe3 Qd6 17. a3 e4+ 18. g3 exf3 19. Rxf3 Ne5 20.
Rf4 Qxd3 21. Qxd3+ Nxd3 22. Rd4 Rad8 23. Rd1 Rxd4 24. exd4 Nxb2 25. Rd2
Nxc4 26. Rc2 Nxa3 27. Rxc7 Kg8 28. Rxb7 Rd8 29. Rxa7 Nb5 30. Rb7 Nxd4 31.
h4 Nf5 32. Rb3 Rd2+ 33. Kh3 Nd4 34. Rb8+ Kh7 35. h5 g6 36. Rb7 Kg7 37. hxg6
Kxg6 38. Rb6+ Kg7 39. Kh4 Rh2+ 40. Kg4 f5+ 41. Kf4 Ne2+ 42. Kf3 Nd4+ 43.
Kf4 h5 44. Kg5 Nf3+ 45. Kxf5 h4 46. Rb7+ Kh6 47. gxh4 Nxh4+ 48. Kg4 Ng6 49.
Rb6 Rh4+ 50. Kf5 Rh5+ 51. Kf6 Nf4 52. Kf7+ Kh7 53. Rf6 Nd5 54. Rf1 Kh6 55.
Rg1 Nf4 56. Rg4 Rf5+ 57. Kg8 Kh5 58. Rg1 Ng6 59. Kg7 Ne5 60. Rh1+ Kg5 61.
Rg1+ Ng4 62. Ra1 Rf6 63. Ra5+ Kh4 64. Ra4 Rb6 65. Rf4 Rb7+ 66. Rf7 Rb5 67.
Rf4 Rg5+ 68. Kf7 Kg3 69. Rf1 Kg2 70. Ra1 Ne5+ 71. Ke6 Nf3 72. Ra2+ Kg3 73.
Kf6 Rg4 74. Ra3 Rf4+ 75. Ke6 Kg4 76. Re3 Nd4+ 77. Kd5 Nc2 78. Re4 Nb4+ 79.
Kd4 Nc2+ 80. Ke5 Rxe4+ 81. Kxe4 { Game drawn because neither player has
mating material } 1/2-1/2

[Event "ICC tourney 2552 (3 2)"]
[Site "Internet Chess Club"]
[Date "2021.05.07"]
[Round "5"]
[White "PARK, JOSHUA:K05-16451732"]
[Black "YANG, AIMEE:K01-30082227"]
[Result "0-1"]
[ICCResult "White checkmated"]
[WhiteElo "1400"]
[BlackElo "1400"]
[Opening "Queen's pawn: Chigorin variation"]
[ECO "D00"]
[NIC "QP.08"]
[Time "19:53:08"]
[PlyCount "126"]
[TimeControl "180+2"]

1. d4 d5 2. Nc3 e6 3. e3 Nf6 4. Nf3 Bb4 5. Bb5+ c6 6. Ba4 Bxc3+ 7. bxc3
Nbd7 8. Ne5 Ne4 9. Nxd7 Bxd7 10. O-O Nxc3 11. Qd3 Nxa4 12. e4 O-O 13. exd5
cxd5 14. Qd2 Nb6 15. Qb4 Rc8 16. Bf4 Re8 17. Qb3 Qe7 18. Qg3 Qf6 19. Be5
Qg6 20. h4 Qxg3 21. fxg3 Nc4 22. Bf4 Bc6 23. Rab1 e5 24. dxe5 Nxe5 25. Bxe5
Rxe5 26. g4 Re4 27. Rb3 Rxg4 28. Ra3 a6 29. Kh2 Rxh4+ 30. Kg3 Re4 31. Rb3
Rce8 32. Rbb1 R4e7 33. c3 Re3+ 34. Kh2 Rxc3 35. Ra1 d4 36. Rad1 d3 37. a3
Rd8 38. g4 d2 39. Rf2 Rcd3 40. Kg1 Ba4 41. Rb1 d1=Q+ 42. Rxd1 Rxd1+ 43. Kg2
R1d2 44. Rxd2 Rxd2+ 45. Kg3 Rd3+ 46. Kh4 Rxa3 47. Kg5 f6+ 48. Kh4 b5 49. g5
fxg5+ 50. Kxg5 b4 51. Kf4 b3 52. Kf5 b2 53. Ke5 b1=Q 54. Kd5 Rd3+ 55. Ke4
Bc2 56. Ke5 Qe1+ 57. Kf5 Rf3+ 58. Kg4 Bd1 59. Kg5 Qg1+ 60. Kh4 Qg2 61. Kh5
Qh3+ 62. Kg5 Qg3+ 63. Kh5 Rf5# { White checkmated } 0-1

[Event "ICC tourney 2552 (3 2)"]
[Site "Internet Chess Club"]
[Date "2021.05.07"]
[Round "6"]
[White "JACK GREENE, WILLILAM:K05-30165343"]
[Black "ZISHUN CHEN, ALAN:K03-17350156"]
[Result "0-1"]
[ICCResult "White checkmated"]
[WhiteElo "1400"]
[BlackElo "1517"]
[Opening "KP: Lopez opening"]
[ECO "C20"]
[NIC "KP.10"]
[Time "20:14:12"]
[PlyCount "22"]
[TimeControl "180+2"]

1. e4 e5 2. c3 Nf6 3. f3 Nxe4 4. fxe4 Qh4+ 5. g3 Qxe4+ 6. Be2 Qxh1 7. Kf2
Qxh2+ 8. Ke1 Qxg1+ 9. Bf1 Qxg3+ 10. Ke2 Bc5 11. d3 Qf2# { White checkmated
} 0-1

[Event "ICC tourney 2552 (3 2)"]
[Site "Internet Chess Club"]
[Date "2021.05.07"]
[Round "6"]
[White "BULUSU, PHANEENDRA:K03-16661467"]
[Black "WEI, STANLEY:K05-17311215"]
[Result "1-0"]
[ICCResult "Black resigns"]
[WhiteElo "1400"]
[BlackElo "1400"]
[Opening "Four knights game"]
[ECO "C47"]
[NIC "KP.06"]
[Time "20:14:17"]
[PlyCount "23"]
[TimeControl "180+2"]

1. e4 e5 2. Nf3 Nc6 3. Nc3 Nf6 4. d3 Bc5 5. Bg5 O-O 6. Nd5 Nd4 7. Nxf6+
gxf6 8. Bh6 Nxf3+ 9. Qxf3 Kh8 10. Bxf8 Qxf8 11. Qxf6+ Kg8 12. Qg5+ { Black
resigns } 1-0

[Event "ICC tourney 2552 (3 2)"]
[Site "Internet Chess Club"]
[Date "2021.05.07"]
[Round "6"]
[White "DESAIKOV, MAX:K03-30147675"]
[Black "S JANIS, MAXTON:K05-30158505"]
[Result "1-0"]
[ICCResult "Black checkmated"]
[WhiteElo "1400"]
[BlackElo "1147"]
[Opening "Vienna gambit"]
[ECO "C29"]
[NIC "VG.04"]
[Time "20:14:17"]
[PlyCount "39"]
[TimeControl "180+2"]

1. e4 e5 2. Nc3 Nf6 3. f4 exf4 4. e5 Nd5 5. Nxd5 c6 6. Nxf4 f6 7. Qe2 Be7
8. exf6 O-O 9. fxe7 Re8 10. exd8=Q Rxd8 11. Qg4 d5 12. Nh5 g6 13. Qg3 Re8+
14. Kd1 Nd7 15. c4 dxc4 16. Bxc4+ Kh8 17. b3 Re5 18. Bb2 gxh5 19. Bxe5+
Nxe5 20. Qxe5# { Black checkmated } 1-0

[Event "ICC tourney 2552 (3 2)"]
[Site "Internet Chess Club"]
[Date "2021.05.07"]
[Round "6"]
[White "FU, JAYDEN:K01-30152838"]
[Black "WOO, ALEXANDER:K05-17096034"]
[Result "0-1"]
[ICCResult "White checkmated"]
[WhiteElo "1400"]
[BlackElo "1400"]
[Opening "Giuoco Piano"]
[ECO "C50"]
[NIC "IG.02"]
[Time "20:14:16"]
[PlyCount "32"]
[TimeControl "180+2"]

1. e4 e5 2. Nf3 Nc6 3. Bc4 Bc5 4. d4 exd4 5. Nxd4 Bxd4 6. c3 Bb6 7. Qf3 Nf6
8. e5 Nxe5 9. Qd5 Nxd5 10. Bxd5 Qe7 11. b4 Nd3+ 12. Kd2 Qg5+ 13. Kxd3 Qxd5+
14. Ke2 O-O 15. Rd1 Re8+ 16. Kf1 Qxd1# { White checkmated } 0-1

[Event "ICC tourney 2552 (3 2)"]
[Site "Internet Chess Club"]
[Date "2021.05.07"]
[Round "6"]
[White "VARADA, PRAHARSH:K05-30168995"]
[Black "INDRAKANTI, SAMVIK:K03-16771001"]
[Result "1-0"]
[ICCResult "Black checkmated"]
[WhiteElo "1229"]
[BlackElo "1064"]
[Opening "King's knight opening"]
[ECO "C40"]
[NIC "KP.10"]
[Time "20:14:44"]
[PlyCount "37"]
[TimeControl "180+2"]

1. e4 e5 2. Nf3 Bc5 3. Nc3 Nf6 4. Nxe5 Nxe4 5. Nxe4 Qf6 6. Nxf6+ gxf6 7.
Ng4 d5 8. Nxf6+ Ke7 9. Nxd5+ Kd6 10. Nf6 Nc6 11. Be2 Re8 12. O-O Nb4 13. c3
Nd5 14. c4 Nxf6 15. Qc2 Ng8 16. Qd3+ Kc6 17. Qd5+ Kb6 18. d4 Be7 19. Qb5# {
Black checkmated } 1-0

[Event "ICC tourney 2552 (3 2)"]
[Site "Internet Chess Club"]
[Date "2021.05.07"]
[Round "6"]
[White "AGARWAL, SAATVIK:K01-30138317"]
[Black "BHATT, KRISH:K03-16675624"]
[Result "1-0"]
[ICCResult "Black checkmated"]
[WhiteElo "1400"]
[BlackElo "1193"]
[Opening "Four knights: double Ruy Lopez"]
[ECO "C49"]
[NIC "KP.03"]
[Time "20:14:14"]
[PlyCount "29"]
[TimeControl "180+2"]

1. e4 e5 2. Nf3 Nc6 3. Nc3 Nf6 4. Bb5 Bb4 5. d3 Bxc3+ 6. bxc3 O-O 7. Bxc6
dxc6 8. Nxe5 Bg4 9. Nxg4 Nxg4 10. Qxg4 Re8 11. O-O Qf6 12. Rb1 Rad8 13. Bb2
Qe7 14. c4 b6 15. Qxg7# { Black checkmated } 1-0

[Event "ICC tourney 2552 (3 2)"]
[Site "Internet Chess Club"]
[Date "2021.05.07"]
[Round "6"]
[White "DORON REPA, HILLEL:K03-16771628"]
[Black "SCOLLON, OWEN:K05-17108421"]
[Result "0-1"]
[ICCResult "White checkmated"]
[WhiteElo "1400"]
[BlackElo "1400"]
[Opening "Petrov's defense"]
[ECO "C42"]
[NIC "RG.03"]
[Time "20:14:12"]
[PlyCount "44"]
[TimeControl "180+2"]

1. e4 e5 2. Nf3 Nf6 3. Nxe5 Nc6 4. Nxc6 dxc6 5. Nc3 Bc5 6. Bc4 Ng4 7. O-O
Qh4 8. h3 Bxf2+ 9. Rxf2 Qxf2+ 10. Kh1 Qh4 11. Qf1 Nf2+ 12. Kg1 Nxe4 13.
Qxf7+ Kd8 14. Qxg7 Re8 15. Qd4+ Bd7 16. Nxe4 Rxe4 17. Qh8+ Ke7 18. Qxa8
Re1+ 19. Bf1 Qd4+ 20. Kh2 Qf4+ 21. g3 Qf2+ 22. Kh1 Rxf1# { White checkmated
} 0-1

[Event "ICC tourney 2552 (3 2)"]
[Site "Internet Chess Club"]
[Date "2021.05.07"]
[Round "6"]
[White "EUGENE DUNIKOV, DAVID:K03-16736200"]
[Black "KONDABATHINI, NAMISH:K05-16992657"]
[Result "0-1"]
[ICCResult "White checkmated"]
[WhiteElo "1400"]
[BlackElo "1400"]
[Opening "Caro-Kann: advance variation"]
[ECO "B12"]
[NIC "CK.04"]
[Time "20:13:58"]
[PlyCount "44"]
[TimeControl "180+2"]

1. e4 c6 2. d4 d5 3. e5 Bf5 4. Nf3 e6 5. Be2 Nd7 6. O-O c5 7. c3 cxd4 8.
cxd4 Ne7 9. Nc3 Ng6 10. Bg5 Be7 11. Bxe7 Qxe7 12. Nb5 O-O 13. Nd6 Bg4 14.
Rc1 Bxf3 15. Bxf3 f6 16. Nxb7 fxe5 17. dxe5 Ndxe5 18. Nc5 Nxf3+ 19. gxf3
Rf5 20. f4 Nxf4 21. f3 Qg5+ 22. Kh1 Qg2# { White checkmated } 0-1

[Event "ICC tourney 2552 (3 2)"]
[Site "Internet Chess Club"]
[Date "2021.05.07"]
[Round "6"]
[White "KRISHNA JAYAKRISHNAN, CHETHAN:K05-16682197"]
[Black "GANDHI, MANASVI:K03-30110152"]
[Result "0-1"]
[ICCResult "White resigns"]
[WhiteElo "1248"]
[BlackElo "1400"]
[Opening "Sicilian: Canal-Sokolsky (Nimzovich-Rossolimo, Moscow) attack"]
[ECO "B51"]
[NIC "SI.01"]
[Time "20:14:16"]
[PlyCount "46"]
[TimeControl "180+2"]

1. e4 c5 2. Nf3 d6 3. Bb5+ Nd7 4. O-O Nf6 5. Nc3 e5 6. d3 h6 7. Nd5 Nxd5 8.
exd5 Be7 9. Bxd7+ Bxd7 10. Bf4 O-O 11. Be3 Qc7 12. d4 exd4 13. Bxd4 cxd4
14. Nxd4 Rfe8 15. Re1 Bf6 16. Rxe8+ Rxe8 17. Qd2 Bxd4 18. Qxd4 Bb5 19. a4
a6 20. axb5 axb5 21. Qe3 Rxe3 22. Ra8+ Kh7 23. h3 Re1+ { White resigns }
0-1

[Event "ICC tourney 2552 (3 2)"]
[Site "Internet Chess Club"]
[Date "2021.05.07"]
[Round "6"]
[White "MISRA, RISHAAN:K03-30153929"]
[Black "EUCEDA, ANGEL:K05-30152963"]
[Result "0-1"]
[ICCResult "White checkmated"]
[WhiteElo "1400"]
[BlackElo "1430"]
[Opening "French: exchange variation"]
[ECO "C01"]
[NIC "FR.01"]
[Time "20:14:44"]
[PlyCount "32"]
[TimeControl "180+2"]

1. e4 e6 2. d4 d5 3. exd5 exd5 4. c4 dxc4 5. Bxc4 Qe7+ 6. Kf1 c5 7. d5 b6
8. d6 Qxd6 9. Qh5 g6 10. Qf3 f6 11. Qe3+ Kd7 12. Qh3+ Kc6 13. Qf3+ Kd7 14.
Qh3+ Kc6 15. Qf3+ Kc7 16. Qxa8 Qd1# { White checkmated } 0-1

[Event "ICC tourney 2552 (3 2)"]
[Site "Internet Chess Club"]
[Date "2021.05.07"]
[Round "6"]
[White "DEVARAJ, SIRI:K05-16369654"]
[Black "KHADEMZADEH, AIDEN:K03-17087747"]
[Result "0-1"]
[ICCResult "White checkmated"]
[WhiteElo "1400"]
[BlackElo "1400"]
[Opening "Giuoco Piano"]
[ECO "C54"]
[NIC "IG.02"]
[Time "20:14:44"]
[PlyCount "38"]
[TimeControl "180+2"]

1. e4 e5 2. Nf3 Nc6 3. Bc4 Bc5 4. c3 Nf6 5. d4 exd4 6. cxd4 Bb4+ 7. Bd2
Bxd2+ 8. Nbxd2 d5 9. exd5 Nxd5 10. O-O O-O 11. h3 Be6 12. Bd3 Nf4 13. Nb3
Qf6 14. Be4 Qh6 15. d5 Bxh3 16. gxh3 Qxh3 17. Nh2 Ne5 18. Qd4 Ng4 19. Nxg4
Ne2# { White checkmated } 0-1

[Event "ICC tourney 2552 (3 2)"]
[Site "Internet Chess Club"]
[Date "2021.05.07"]
[Round "6"]
[White "PRABU, VEDANTH:K06-15651522"]
[Black "WOO, HENRY:K01-30165260"]
[Result "1-0"]
[ICCResult "Black checkmated"]
[WhiteElo "1400"]
[BlackElo "1400"]
[Opening "Giuoco Piano"]
[ECO "C50"]
[NIC "IG.02"]
[Time "20:15:07"]
[PlyCount "29"]
[TimeControl "180+2"]

1. e4 e5 2. Nf3 Nc6 3. Bc4 Bc5 4. O-O Nf6 5. d4 Bxd4 6. Nxd4 Nxd4 7. f4
Nxe4 8. Re1 d5 9. Bb3 exf4 10. Qxd4 O-O 11. Bxd5 Bg4 12. Rxe4 Rc8 13. Rxf4
c6 14. Rxg4 cxd5 15. Qxg7# { Black checkmated } 1-0

[Event "ICC tourney 2552 (3 2)"]
[Site "Internet Chess Club"]
[Date "2021.05.07"]
[Round "6"]
[White "PARHAR, VIVAAN:K05-16000954"]
[Black "VEMULA, MANVITH:K01-30172472"]
[Result "1-0"]
[ICCResult "Black forfeits on time"]
[WhiteElo "1400"]
[BlackElo "1269"]
[Opening "Petrov's defense"]
[ECO "C42"]
[NIC "RG.03"]
[Time "20:14:03"]
[PlyCount "39"]
[TimeControl "180+2"]

1. e4 e5 2. Nf3 Nf6 3. Nxe5 Bc5 4. d3 Nc6 5. Nxc6 dxc6 6. Be2 O-O 7. O-O
Bd6 8. h3 Qe8 9. Nc3 Qe5 10. f4 Bc5+ 11. Kh1 Qd4 12. e5 Nd5 13. Nxd5 Qxd5
14. c4 Qe6 15. Bg4 Qg6 16. f5 Qh6 17. Bxh6 gxh6 18. d4 Bb4 19. a3 Be7 20.
f6 { Black forfeits on time } 1-0

[Event "ICC tourney 2552 (3 2)"]
[Site "Internet Chess Club"]
[Date "2021.05.07"]
[Round "6"]
[White "LAM, ETHAN:K03-30150899"]
[Black "COLLIER, ZANE:K06-30119849"]
[Result "1-0"]
[ICCResult "Black resigns"]
[WhiteElo "1400"]
[BlackElo "1400"]
[Opening "Sicilian"]
[ECO "B50"]
[NIC "SI.01"]
[Time "20:15:19"]
[PlyCount "47"]
[TimeControl "180+2"]

1. e4 c5 2. Nf3 d6 3. Nc3 Nc6 4. d4 cxd4 5. Nxd4 g6 6. Bb5 Qc7 7. Nd5 Qa5+
8. Bd2 Qd8 9. Nxc6 bxc6 10. Bxc6+ Bd7 11. Bxa8 Qxa8 12. Qf3 Bg7 13. O-O-O
Qb8 14. c3 Ba4 15. b3 Bxb3 16. axb3 Qxb3 17. Nc7+ Kd7 18. Nd5 Qa3+ 19. Kc2
Qa2+ 20. Kd3 Qa6+ 21. c4 Qa2 22. Qh3+ e6 23. Nc3 Nf6 24. Nxa2 { Black
resigns } 1-0

[Event "ICC tourney 2552 (3 2)"]
[Site "Internet Chess Club"]
[Date "2021.05.07"]
[Round "6"]
[White "SUDEENDRA, SANKARSHANA:K06-30017519"]
[Black "PENG, LIONEL:K03-17121368"]
[Result "1-0"]
[ICCResult "Black checkmated"]
[WhiteElo "1573"]
[BlackElo "1400"]
[Opening "Scotch game"]
[ECO "C45"]
[NIC "SO.05"]
[Time "20:16:04"]
[PlyCount "45"]
[TimeControl "180+2"]

1. e4 e5 2. Nf3 Nc6 3. d4 exd4 4. Nxd4 Bc5 5. Nxc6 bxc6 6. Bc4 Bb7 7. Nc3
Nf6 8. Qf3 O-O 9. e5 Ne8 10. O-O d6 11. exd6 Nxd6 12. Bf4 Nxc4 13. b3 Nb6
14. Ne4 Be7 15. Rad1 Qc8 16. Bg5 Bxg5 17. Nxg5 c5 18. Qg3 f6 19. Nh3 Ba6
20. Rfe1 Rd8 21. Rc1 c4 22. Re7 Rd7 23. Qxg7# { Black checkmated } 1-0

[Event "ICC tourney 2552 (3 2)"]
[Site "Internet Chess Club"]
[Date "2021.05.07"]
[Round "6"]
[White "JAIN, DARSH:K05-30103038"]
[Black "SELVAM, RIKITHA:K01-30089086"]
[Result "1-0"]
[ICCResult "Black forfeits on time"]
[WhiteElo "1400"]
[BlackElo "1400"]
[Opening "two knights defense"]
[ECO "C58"]
[NIC "KP.01"]
[Time "20:14:44"]
[PlyCount "25"]
[TimeControl "180+2"]

1. e4 e5 2. Nf3 Nc6 3. Bc4 Nf6 4. Ng5 d5 5. exd5 Na5 6. Bb3 Bc5 7. O-O h6
8. Nf3 Qe7 9. Nc3 O-O 10. d4 exd4 11. Nxd4 a6 12. Re1 Qd8 13. Be3 { Black
forfeits on time } 1-0

[Event "ICC tourney 2552 (3 2)"]
[Site "Internet Chess Club"]
[Date "2021.05.07"]
[Round "6"]
[White "HOJA, SABRINA:K05-16995856"]
[Black "DOPPALAPUDI, ADITH:K05-16534365"]
[Result "1-0"]
[ICCResult "Black resigns"]
[WhiteElo "1400"]
[BlackElo "1457"]
[Opening "King's Indian: 5.Nf3"]
[ECO "E90"]
[NIC "KI.22"]
[Time "20:14:06"]
[PlyCount "49"]
[TimeControl "180+2"]

1. d4 Nf6 2. c4 g6 3. Nc3 Bg7 4. e4 d6 5. Nf3 Nbd7 6. Bd3 e5 7. d5 O-O 8.
Bg5 a5 9. Qd2 Nc5 10. O-O Bg4 11. Ne1 Qd7 12. f3 Bh5 13. g4 Nxg4 14. fxg4
Qxg4+ 15. Qg2 Qxg2+ 16. Kxg2 f5 17. exf5 Nxd3 18. Nxd3 gxf5 19. Nb5 Rac8
20. Bd2 Bg6 21. Bxa5 e4 22. Nf4 Bxb2 23. Nxg6 Bxa1 24. Nxf8 Rxf8 25. Rxa1 {
Black resigns } 1-0

[Event "ICC tourney 2552 (3 2)"]
[Site "Internet Chess Club"]
[Date "2021.05.07"]
[Round "6"]
[White "CHEN, SHUANG:K03-30071645"]
[Black "MANAV, RAYHAN:K06-30167023"]
[Result "1-0"]
[ICCResult "Black checkmated"]
[WhiteElo "1400"]
[BlackElo "1400"]
[Opening "Petrov's defense"]
[ECO "C42"]
[NIC "RG.03"]
[Time "20:14:28"]
[PlyCount "35"]
[TimeControl "180+2"]

1. e4 e5 2. Nf3 Nf6 3. Nxe5 d6 4. Nf3 Bg4 5. Nc3 Nc6 6. h3 Bxf3 7. Qxf3 Ne5
8. Qe3 Nc6 9. d4 Be7 10. Bb5 a6 11. Ba4 b5 12. Bb3 Nb4 13. a3 Nxc2+ 14.
Bxc2 Nh5 15. O-O O-O 16. e5 dxe5 17. Qe4 Bg5 18. Qxh7# { Black checkmated }
1-0

[Event "ICC tourney 2552 (3 2)"]
[Site "Internet Chess Club"]
[Date "2021.05.07"]
[Round "6"]
[White "WATANABE NUNEZ, RYUTA:K03-17015848"]
[Black "PULIJALA, AKSHAJ:K05-16497860"]
[Result "1-0"]
[ICCResult "Black checkmated"]
[WhiteElo "1400"]
[BlackElo "1400"]
[Opening "Sicilian defense"]
[ECO "B33"]
[NIC "SI.32"]
[Time "20:14:01"]
[PlyCount "81"]
[TimeControl "180+2"]

1. e4 c5 2. Nf3 Nc6 3. d4 cxd4 4. Nxd4 Nf6 5. Nxc6 bxc6 6. Nc3 d6 7. Bg5 h6
8. Bxf6 gxf6 9. Be2 Be6 10. Bg4 Qd7 11. Bxe6 Qxe6 12. O-O Rg8 13. Qf3 Rh8
14. e5 d5 15. exf6 Qxf6 16. Qxf6 exf6 17. Rfe1+ Kd7 18. Rad1 Bd6 19. Re2
Rae8 20. Red2 Re7 21. Ne2 Rhe8 22. Kf1 Be5 23. c4 Bd6 24. cxd5 cxd5 25.
Rxd5 Rxe2 26. Rxd6+ Kc7 27. Rd7+ Kc6 28. Rxf7 Rxb2 29. Rxf6+ Kb7 30. Rxh6
Ree2 31. Rf6 Re7 32. g4 Rxa2 33. g5 Ra5 34. g6 Rg5 35. Rdd6 Re8 36. Rf7+
Ka8 37. g7 Rg8 38. Rf8+ Rxf8 39. gxf8=Q+ Kb7 40. Qe7+ Ka8 41. Rd8# { Black
checkmated } 1-0

[Event "ICC tourney 2552 (3 2)"]
[Site "Internet Chess Club"]
[Date "2021.05.07"]
[Round "6"]
[White "MURPHY ZEDLEWSKI, JACK:K01-30079933"]
[Black "SCHMELZER, ZACHARY:K05-16849843"]
[Result "1-0"]
[ICCResult "Black checkmated"]
[WhiteElo "1400"]
[BlackElo "1400"]
[Opening "Van't Kruijs opening"]
[ECO "A00"]
[Time "20:14:44"]
[PlyCount "49"]
[TimeControl "180+2"]

1. e3 e5 2. d4 exd4 3. exd4 Nf6 4. Qe2+ Be7 5. Bg5 O-O 6. Bxf6 Bxf6 7. Nf3
Nc6 8. Qd3 d5 9. Nc3 g6 10. O-O-O Bf5 11. Qd2 Re8 12. Bd3 Bxd3 13. Qxd3 Nb4
14. Qd2 Nxa2+ 15. Nxa2 Qd7 16. Nc3 b5 17. h4 b4 18. Na2 Qa4 19. Kb1 Rab8
20. b3 Qa3 21. Rhe1 Rxe1 22. Rxe1 Rb6 23. Qh6 Bg7 24. Re8+ Bf8 25. Rxf8# {
Black checkmated } 1-0

[Event "ICC tourney 2552 (3 2)"]
[Site "Internet Chess Club"]
[Date "2021.05.07"]
[Round "6"]
[White "THOMPSON, PETER:K06-16717682"]
[Black "SAMBATH, VAISHNAV:K01-30162350"]
[Result "1-0"]
[ICCResult "Black checkmated"]
[WhiteElo "1400"]
[BlackElo "1400"]
[Opening "Giuoco Piano: four knights variation"]
[ECO "C47"]
[NIC "KP.06"]
[Time "20:13:59"]
[PlyCount "53"]
[TimeControl "180+2"]

1. e4 e5 2. Nf3 Nc6 3. Nc3 Nf6 4. Bc4 Bc5 5. O-O O-O 6. d3 h6 7. Be3 Bb6 8.
Qd2 d6 9. h3 Be6 10. Bxe6 fxe6 11. Bxb6 axb6 12. Rfe1 Qe7 13. Nb5 Nh5 14.
g4 Nf4 15. a4 Nxh3+ 16. Kh2 Rxf3 17. Kg2 Qf7 18. Rf1 Nf4+ 19. Kxf3 Nd5+ 20.
Kg2 Nd4 21. Nxd4 exd4 22. exd5 exd5 23. g5 Rf8 24. gxh6 Qf3+ 25. Kg1 Rf6
26. Qg5 Rf4 27. Qxg7# { Black checkmated } 1-0

[Event "ICC tourney 2552 (3 2)"]
[Site "Internet Chess Club"]
[Date "2021.05.07"]
[Round "6"]
[White "ALBERT, HELEN:K05-30150616"]
[Black "ARRIAGA REYES, SEBASTIAN:K03-17099061"]
[Result "1-0"]
[ICCResult "Black checkmated"]
[WhiteElo "1400"]
[BlackElo "1400"]
[Opening "Four knights: Italian variation"]
[ECO "C47"]
[NIC "KP.06"]
[Time "20:14:26"]
[PlyCount "63"]
[TimeControl "180+2"]

1. e4 e5 2. Nf3 Nc6 3. Nc3 Nf6 4. Bc4 Bb4 5. d3 Bxc3+ 6. bxc3 d6 7. Be3 Bg4
8. Rb1 Bxf3 9. Qxf3 Qe7 10. O-O Na5 11. Rb4 Nxc4 12. Rxc4 g6 13. Bg5 h6 14.
Bxf6 Qe6 15. Bxh8 f5 16. Rxc7 Rd8 17. Rxb7 g5 18. exf5 Qg8 19. Bf6 g4 20.
Qe3 h5 21. Bxd8 Kxd8 22. f6 h4 23. f7 Qf8 24. Rb8+ Kd7 25. Rxf8 Ke6 26.
Qxa7 Kf5 27. Qd7+ Kg6 28. Qxd6+ Kg7 29. Rg8+ Kxf7 30. Qg6+ Ke7 31. Rg7+ Kf8
32. Qf7# { Black checkmated } 1-0

[Event "ICC tourney 2552 (3 2)"]
[Site "Internet Chess Club"]
[Date "2021.05.07"]
[Round "6"]
[White "MUKHERJEE, SATHVIK:K03-30065329"]
[Black "MCPHETERS, DYLAN:K06-30151662"]
[Result "1-0"]
[ICCResult "Black resigns"]
[WhiteElo "1400"]
[BlackElo "1400"]
[Opening "Three knights game"]
[ECO "C46"]
[NIC "KP.06"]
[Time "20:14:28"]
[PlyCount "51"]
[TimeControl "180+2"]

1. e4 e5 2. Nf3 Nc6 3. Nc3 d6 4. Bc4 Bg4 5. d3 Bxf3 6. Qxf3 Nf6 7. O-O Be7
8. h3 O-O 9. Be3 Qd7 10. Qd1 Rae8 11. Re1 Nd4 12. Ne2 Nxe2+ 13. Rxe2 d5 14.
exd5 Nxd5 15. Bxd5 Qxd5 16. Bd2 Bf6 17. Bb4 c5 18. Ba3 e4 19. dxe4 Qxd1+
20. Rxd1 Bh4 21. Rd5 b6 22. b4 Rc8 23. bxc5 bxc5 24. Bxc5 Rfd8 25. Red2
Rxc5 26. Rxd8+ { Black resigns } 1-0

[Event "ICC tourney 2552 (3 2)"]
[Site "Internet Chess Club"]
[Date "2021.05.07"]
[Round "6"]
[White "KUO, DECLAN:K05-16624125"]
[Black "BALAMURUGAN, ABHIJAY:K05-16913354"]
[Result "0-1"]
[ICCResult "White forfeits on time"]
[WhiteElo "1400"]
[BlackElo "1493"]
[Opening "Giuoco Pianissimo: Italian four knights variation"]
[ECO "C46"]
[NIC "KP.06"]
[Time "20:14:44"]
[PlyCount "40"]
[TimeControl "180+2"]

1. e4 e5 2. Nf3 Nc6 3. Nc3 Bc5 4. Bc4 Nf6 5. d3 O-O 6. O-O h6 7. Qe2 d6 8.
Be3 Bb6 9. Bxb6 cxb6 10. Nd5 Be6 11. Nxf6+ Qxf6 12. Bxe6 fxe6 13. Qe3 Qg6
14. Rfd1 Rf4 15. d4 Raf8 16. Kf1 exd4 17. Nxd4 Rxe4 18. Qd3 Nxd4 19. c3 Nc6
20. Qxd6 Ref4 { White forfeits on time } 0-1